 Dungeon Crawl Stone Soup version 0.26-a0-642-g67e99244d3 (webtiles) character file.

Game seed: 1627615099727693179

635515 DogServant the Slayer (level 27, 0/188 HPs)
             Began as a Gargoyle Fighter on Sept 23, 2020.
             Was a High Priest of Okawaru.
             Slain by a mummy (3 damage)
             ... while paralysed
             ... on level 2 of the Tomb of the Ancients.
             The game lasted 04:59:50 (85010 turns).

DogServant the Slayer (Gargoyle Fighter)           Turns: 85010, Time: 04:59:51

Health: 0/188      AC: 50    Str: 28    XL:     27
Magic:  32/32      EV:  2    Int: 13    God:    Okawaru [*****.]
Gold:   4782       SH:  0    Dex: 19    Spells: 11/26 levels left

rFire    + . .     SeeInvis .   p - +9 demon whip (elec)
rCold    + + .     Faith    .   Z - +1 kite shield {reflect}
rNeg     + + +     Spirit   .   M - +4 plate armour {MR+}
rPois    ∞         Reflect  +   T - +2 hat
rElec    +         Harm     .   U - scarf {rC+ rF+}
rCorr    .         Rampage  .   q - +2 pair of gloves {Str+3}
MR       ++++.     Clarity  +   O - +1 pair of boots {run}
Stlth    ..........             h - amulet of reflection
HPRegen  0.41/turn              g - ring of Lonyngep {rC+ rN+ MR+}
MPRegen  0.23/turn              X - ring "Nuxt" {rN+ Int+2 Dex+4}

@: paralysed, berserk cooldown, flying, hasted and slowed, quick
A: big wings, camouflage 1, clarity, deterioration 1, low mp 1, negative energy
resistance 1, sense surroundings 1, electricity resistance, unbreathing,
petrification resistance, rot immunity, AC +20
}: 3/15 runes: serpentine, barnacled, silver
a: Stop Flying, Heroism, Finesse, Renounce Religion


You were on level 2 of the Tomb of the Ancients.
You worshipped Okawaru.
Okawaru was extremely pleased with you.
You visited 12 branches of the dungeon, and saw 55 of its levels.
You visited the Abyss 1 time.
You also visited: Ossuary, Ice Cave and Volcano.

You collected 9607 gold pieces.
You spent 4825 gold pieces at shops.

Inventory:

Hand Weapons
 b - a +9 eveningstar of protection
 p - a +9 demon whip of electrocution (weapon)
Missiles
 l - 4 boomerangs of dispersal (quivered)
Armour
 q - a +2 pair of gloves of strength (worn)
 M - a +4 plate armour of magic resistance (worn)
 O - a +1 pair of boots of running (worn)
 T - a +2 hat (worn)
 U - a scarf of resistance (worn)
 Z - a +1 kite shield of reflection (worn)
Jewellery
 c - an uncursed ring of resist corrosion
 g - the ring of Lonyngep (left hand) {rC+ rN+ MR+}
   (You found it on level 3 of the Crypt)

   [ring of positive energy]

   It protects you from cold.
   It protects you from negative energy.
   It affects your resistance to hostile enchantments.
 h - an amulet of reflection (around neck)
 m - an uncursed ring of protection from magic
 u - a +6 ring of strength
 y - an uncursed ring of see invisible
 L - an uncursed ring of protection from fire
 X - the ring "Nuxt" (right hand) {rN+ Int+2 Dex+4}
   (You found it on level 3 of the Crypt)

   [ring of positive energy]

   It affects your intelligence (+2).
   It affects your dexterity (+4).
   It protects you from negative energy.
Wands
 o - a wand of digging (14)
 z - a wand of flame (52)
 A - a wand of acid (13)
 C - a wand of random effects (38)
 F - a wand of paralysis (34)
 I - a wand of iceblast (49)
 N - a wand of enslavement (7)
 S - a wand of disintegration (11)
Scrolls
 e - 4 scrolls of enchant weapon
 i - 9 scrolls of identify
 n - 2 scrolls of enchant armour
 s - 26 scrolls of remove curse
 v - 2 scrolls of summoning
 w - 6 scrolls of blinking
 x - 2 scrolls of fear
 H - 5 scrolls of magic mapping
 J - a scroll of holy word
 K - 3 scrolls of fog
 Q - 5 scrolls of amnesia
 R - 11 scrolls of teleportation
Potions
 a - 6 potions of lignification
 d - a potion of ambrosia
 f - 8 potions of haste
 j - 3 potions of mutation
 k - 3 potions of stabbing
 r - 6 potions of curing
 t - 5 potions of magic
 B - 2 potions of brilliance
 D - 2 potions of berserk rage
 E - 2 potions of cancellation
 G - 7 potions of might
 P - 3 potions of heal wounds
 V - a potion of invisibility
Miscellaneous
 Y - a phial of floods


   Skills:
 + Level 23.2 Fighting
 + Level 19.6 Maces & Flails
 - Level 7.1 Throwing
 + Level 15.6 Armour
 - Level 17.0 Dodging
 + Level 20.7 Shields
 - Level 5.5 Ice Magic
 + Level 8.5 Earth Magic
 - Level 17.9 Invocations
 - Level 17.3 Evocations


You had 11 spell levels left.
You knew the following spells:

 Your Spells              Type           Power        Failure   Level
a - Frozen Ramparts       Ice            ##....       47%         3
b - Ozocubu's Armour      Ice            ##......     47%         3
c - Shatter               Erth           ###.......   100%        9

Your spell library contained the following spells:

 Spells                   Type           Power        Failure   Level
 Sandblast                Erth           ###...       5%          1
 Freeze                   Ice            ##..         19%         1
 Passwall                 Tmut/Erth      ##......     43%         2
 Ensorcelled Hibernation  Hex/Ice        #.....       65%         2
 Stone Arrow              Conj/Erth      ##....       67%         3
 Lee's Rapid Deconstruct  Erth           ###.......   82%         5
 Animate Skeleton         Necr           #.....       87%         1
 Apportation              Tloc           #.....       87%         1
 Beastly Appendage        Tmut           #.....       87%         1
 Corona                   Hex            #......      87%         1
 Foxfire                  Conj/Fire      #...         87%         1
 Magic Dart               Conj           #...         87%         1
 Shock                    Conj/Air       #...         87%         1
 Sting                    Tmut/Pois      #...         87%         1
 Summon Small Mammal      Summ           #...         87%         1
 Blink                    Tloc           N/A          95%         2
 Call Imp                 Summ           #.......     95%         2
 Corpse Rot               Necr/Air       N/A          95%         2
 Poisonous Vapours        Pois/Air       #.....       95%         2
 Searing Ray              Conj           #.....       95%         2
 Swiftness                Air            #.......     95%         2
 Wereblood                Tmut           #.......     95%         2
 Petrify                  Tmut/Erth      ##......     97%         4
 Call Canine Familiar     Summ           #.......     99%         3
 Dazzling Flash           Conj/Hex       #.....       99%         3
 Lesser Beckoning         Tloc           #.........   99%         3
 Mephitic Cloud           Conj/Pois/Air  #.......     99%         3
 Spider Form              Tmut/Pois      #.........   99%         3
 Static Discharge         Conj/Air       #.......     99%         3
 Summon Guardian Golem    Hex/Summ       #.......     99%         3
 Tukima's Dance           Hex            #.......     99%         3
 Hailstorm                Conj/Ice       #.......     99%         4
 Ice Form                 Ice/Tmut       #.......     99%         4
 Summon Ice Beast         Ice/Summ       #.......     99%         4
 Animate Dead             Necr           #.........   100%        4
 Cause Fear               Hex            #.........   100%        4
 Dispel Undead            Necr           #.......     100%        4
 Fulminant Prism          Conj/Hex       #.........   100%        4
 Iskenderun's Mystic Bla  Conj/Tloc      #.......     100%        4
 Sticky Flame             Conj/Fire      #.......     100%        4
 Summon Lightning Spire   Summ/Air       #.......     100%        4
 Agony                    Necr           #.......     100%        5
 Alistair's Intoxication  Tmut/Pois      #........    100%        5
 Blade Hands              Tmut           #.........   100%        5
 Bolt of Magma            Conj/Fire/Erth #.........   100%        5
 Borgnjor's Vile Clutch   Necr/Erth      ##........   100%        5
 Excruciating Wounds      Necr           #.........   100%        5
 Fireball                 Conj/Fire      #.........   100%        5
 Irradiate                Conj/Tmut      #.........   100%        5
 Iskenderun's Battlesphe  Conj           #.......     100%        5
 Lightning Bolt           Conj/Air       #.........   100%        5
 Metabolic Englaciation   Hex/Ice        #.........   100%        5
 Silence                  Hex/Air        #.........   100%        5
 Summon Forest            Summ/Tloc      #.........   100%        5
 Yara's Violent Unravell  Hex/Tmut       #.........   100%        5
 Conjure Ball Lightning   Conj/Air       #.........   100%        6
 Dispersal                Tloc           #.........   100%        6
 Eringya's Noxious Bog    Tmut/Pois      #.........   100%        6
 Freezing Cloud           Conj/Ice/Air   #.........   100%        6
 Hydra Form               Tmut           #.........   100%        6
 Invisibility             Hex            #.......     100%        6
 Iron Shot                Conj/Erth      ##........   100%        6
 Ozocubu's Refrigeration  Ice            ##........   100%        6
 Shadow Creatures         Summ           N/A          100%        6
 Simulacrum               Ice/Necr       #.........   100%        6
 Dragon Form              Tmut           #.........   100%        7
 Orb of Destruction       Conj           #.........   100%        7
 Spellforged Servitor     Conj/Summ      #.........   100%        7
 Summon Hydra             Summ           #.........   100%        7
 Discord                  Hex            #.........   100%        8
 Disjunction              Tloc           #.........   100%        8
 Ignition                 Fire           #.........   100%        8
 Dragon's Call            Summ           #.........   100%        9
 Tornado                  Air            #.........   100%        9
 Sublimation of Blood     Necr           Unusable     N/A         2
 Statue Form              Tmut/Erth      Unusable     N/A         6

Dungeon Overview and Level Annotations

Branches:
Dungeon (15/15)            Temple (1/1) D:4            Lair (6/6) D:11
 Shoals (4/4) Lair:2        Snake (4/4) Lair:2        Slime (5/5) Lair:5
    Orc (2/2) D:10            Elf (3/3) Orc:2        Vaults (5/5) D:14
  Crypt (3/3) Vaults:3       Tomb (2/3) Crypt:3      Depths (5/5) D:15
    Zot (0/5) Depths:5    Ossuary (visited)           IceCv (visited)
Volcano (visited)

Altars:
Ashenzari
Cheibriados
Dithmenos
Elyvilon
Fedhas
Gozag
Hepliaklqana
Kikubaaqudgha
Makhleb
Nemelex Xobeh
Okawaru
Qazlal
Ru
Sif Muna
Trog
Uskayaw
Vehumet
Wu Jian
Xom
Yredelemnul
Zin
The Shining One
Beogh
Jiyva

Shops:
D:10 (?   D:13 =   Orc:2 *[*?:   Elf:2 :   Shoals:2 *   Snake:2 [   Snake:3 !
Vaults:4 *?=}[   Vaults:5 *   Depths:3 **=   Depths:4 ?[?(*

Portals:
Hell: Depths:1 Depths:2 Depths:4 Depths:5
Abyss: Depths:4 Depths:5
Pandemonium: Depths:1 Depths:2 Depths:3
Ziggurat: Depths:3

Annotations:
D:12 1 runed translucent door
Slime:5 Royal Jelly
Depths:3 1 runed translucent door


Innate Abilities, Weirdness & Mutations

You are resistant to torment.
Your stone body is resilient. (AC +20)
You are immune to poison.
Your large and strong wings let you fly indefinitely.
You resist negative energy. (rN+)
You are resistant to electric shocks. (rElec)
You can survive without breathing.
You are immune to petrification.
You are immune to rotting.
Your skin changes colour to match your surroundings (Stealth+).
You possess an exceptional clarity of mind.
Your body sometimes deteriorates upon taking damage.
Your magical capacity is low. (-10% MP)
You passively map a small area around you.


Message History

You thrash the guardian mummy!!
The guardian mummy is moderately damaged.
You feel yourself speed up.
You are no longer berserk.
You pass out from exhaustion.
You feel yourself slow down.
A skeletal warrior comes into view. It is wielding a +0 short sword.
The guardian mummy hits you.
* * * LOW HITPOINT WARNING * * *
The emperor scorpion stings you but does no damage.
The emperor scorpion claws you but does no damage. x2
The emperor scorpion stings you!
* * * LOW HITPOINT WARNING * * *
The emperor scorpion claws you.
* * * LOW HITPOINT WARNING * * *
The emperor scorpion claws you but does no damage.
The emperor scorpion stings you!
* * * LOW HITPOINT WARNING * * *
The emperor scorpion claws you but does no damage. x2
The mummy hits you but does no damage. The mummy hits you.
You die...

................
....M............
.................. ,
..........}....... *
,.^...?.......:....
.........M.....# , ,
$.....###MMM...#, ,
, .....#M8☼#ssM..# *
....#Z.°°°#@MM.#, ,,
#. #.....Zs#M.#....
, *,
,#..#......M#..#,.§.
, * * #.........#.#,
* , ##.........##.
#...........#.. , ,
, ##.......M.## .. *
, *,#.........# .^.,
,#..#.......#..# *


You could see 3 emperor scorpions, a mummy priest, 2 guardian mummies, 8 mummies
and an orc zombie.

Vanquished Creatures
  2 ancient liches
  Mennas (Crypt:2)
  5 greater mummies
  Frederick (Vaults:3)
  Bai Suzhen (Snake:4)
  Xtahua (Vaults:5)
  Vashnia (Snake:4)
  Saint Roka (Snake:2)
  Margery (Crypt:2)
  5 caustic shrikes (Depths:5)
  The ghost of Soelun the Eclecticist, a veteran GnWz of Ashenzari (Depths:2)
  2 golden dragons (Depths:4)
  2 bone dragons (Vaults:3)
  Jory (Crypt:2)
  Rupert (D:13)
  4 tentacled monstrosities
  Asterion (Elf:3)
  8 liches
  A deep elf master archer (Elf:3)
  A deep elf blademaster (Elf:3)
  A quicksilver dragon (Vaults:4)
  21 acid blobs
  12 sphinxes
  Frances (Snake:2)
  A titan (Vaults:5)
  2 ancient champions
  Polyphemus (Shoals:2)
  An eldritch tentacle (Vaults:3)
  A kraken (Shoals:3)
  4 tengu reavers
  Kirke (Lair:4)
  9 shadow dragons
  10 azure jellies
  12 nagarajas
  4 storm dragons
  Donald (Orc:2)
  19 fire giants
  3 revenants
  3 iron dragons
  10 frost giants
  10 deep elf sorcerers
  17 vault wardens
  An orc warlord (D:10)
  Louise (Shoals:2)
  Aizul (Vaults:3)
  A caustic shrike zombie (Depths:4)
  A balrug (Depths:1)
  A draconian knight (Depths:5)
  3 ghouls (Crypt:1)
  9 deep elf elementalists
  2 spriggan defenders (Depths:4)
  13 ironheart preservers
  3 reapers (Crypt:3)
  A juggernaut skeleton (Vaults:3)
  An entropy weaver (Vaults:2)
  A caustic shrike skeleton (Depths:4)
  Nessos (D:12)
  A green draconian (Depths:5)
  22 stone giants
  45 very ugly things
  8 deep elf annihilators
  2 black draconians (Depths:5)
  6 bennus
  7 deep elf demonologists
  4 vampire knights
  A yellow draconian (Depths:5)
  3 red draconians (Depths:5)
  7 spark wasps
  2 purple draconians (Depths:5)
  Azrael (D:14)
  13 eidola
  Snorg (Lair:5)
  10 ettins
  A merfolk javelineer (Shoals:4)
  A crystal guardian (Vaults:4)
  10 fire dragons
  8 merfolk impalers
  8 jiangshi
  10 great orbs of eyes
  8 mummy priests
  16 yaktaur captains
  12 deep elf death magi
  7 deep elf high priests
  28 vault guards
  13 ice dragons
  A quicksilver dragon zombie (Crypt:1)
  Fannar (D:12)
  A caustic shrike simulacrum (Vaults:3)
  8 rakshasas
  A hell beast (Depths:2)
  23 naga warriors
  5 catoblepae
  Erolcha (Orc:1)
  A juggernaut simulacrum (Depths:4)
  3 ghost crabs (Vaults:3)
  17 anacondas
  28 two-headed ogres
  8 hydras
  An alligator snapping turtle (Shoals:4)
  14 ogre magi
  4 merfolk avatars
  4 spriggan air magi
  10 centaur warriors
  4 merfolk aquamancers
  2 satyrs (Shoals:4)
  3 death knights
  9 death yaks
  4 orc high priests
  3 deep troll earth magi
  A hell hog (Depths:1)
  17 naga sharpshooters
  2 tengu warriors
  34 dancing weapons
  4 deep troll shamans
  Urug (Lair:5)
  2 vampire magi (Crypt:1)
  11 shock serpents
  19 deep elf knights
  7 spriggan berserkers
  A sun demon (Depths:1)
  4 salamander mystics
  4 soul eaters
  A storm dragon skeleton (Vaults:5)
  Nergalle (D:10)
  A titan skeleton (Crypt:3)
  2 shadow wraiths
  5 iron trolls
  A golden dragon zombie (Depths:2)
  19 skeletal warriors
  2 unseen horrors
  17 deep trolls
  A gelid demonspawn (Depths:2)
  3 hell knights
  An anaconda zombie (Crypt:3)
  10 sea snakes
  11 deep elf archers
  2 death drakes (shapeshifter)
  4 glowing orange brains
  A deep troll (shapeshifter) (Vaults:2)
  8 naga ritualists
  A glowing orange brain (shapeshifter) (Vaults:5)
  A kraken simulacrum (Shoals:4)
  A tengu zombie (Vaults:5)
  6 flayed ghosts
  19 phantasmal warriors
  Pikel (D:5)
  A swamp dragon (shapeshifter) (Vaults:5)
  21 ironbrand convokers
  22 orc knights
  19 necromancers
  A wizard (Vaults:2)
  21 fauns
  65 ugly things
  21 harpies
  A stone giant zombie (Crypt:3)
  2 oklob plants (Shoals:1)
  10 mana vipers
  6 orc sorcerers
  7 spectral ice dragons (Crypt:1)
  An orb spider (shapeshifter) (D:13)
  14 manticores
  3 wolf spiders
  5 fire giant zombies
  A wolf spider zombie (Crypt:3)
  4 shining eyes
  52 deep elf magi
  A frost giant zombie (Crypt:3)
  9 salamanders
  12 cyclopes
  4 frost giant skeletons
  2 moths of wrath (shapeshifter)
  2 iron dragon skeletons (Crypt:3)
  2 tengu skeletons (Vaults:3)
  2 centaur zombies
  10 elephants
  50 black mambas
  A dire elephant zombie (Crypt:3)
  18 naga magi
  Joseph (D:7)
  A rust devil (Depths:4)
  13 vault sentinels
  16 guardian serpents
  3 water nymphs
  9 merfolk sirens
  Maurice (D:9)
  An orange demon (Depths:2)
  A titan simulacrum (Vaults:3)
  2 ice statues (Vaults:3)
  2 eyes of devastation
  3 gargoyles
  2 cane toads (shapeshifter)
  11 cane toads
  An emperor scorpion zombie (Crypt:3)
  A human zombie (Vaults:4)
  A torpor snail (shapeshifter) (Depths:4)
  13 freezing wraiths
  A swamp worm zombie (Crypt:1)
  5 rime drakes
  A redback zombie (Crypt:2)
  A minotaur zombie (Crypt:2)
  2 komodo dragons (shapeshifter)
  A kobold demonologist (Depths:5)
  A rime drake (shapeshifter) (Vaults:1)
  6 tengu conjurers
  2 efreet
  8 komodo dragons
  57 yaktaurs
  14 hellwings
  14 guardian mummies
  An elf skeleton (Vaults:5)
  2 ice devils (IceCv)
  An iron troll skeleton (Crypt:2)
  11 trolls
  2 trolls (shapeshifter)
  5 jumping spiders
  A wind drake (shapeshifter) (Vaults:4)
  27 merfolk
  A meliai (shapeshifter) (Depths:2)
  A tyrant leech (shapeshifter) (Vaults:5)
  9 wind drakes
  6 polar bears
  A hornet (shapeshifter) (Vaults:4)
  Grinder (D:4)
  A fire dragon zombie (Crypt:3)
  A hydra skeleton (Crypt:3)
  4 hornets
  2 raiju (Vaults:3)
  74 slime creatures
  2 ice dragon zombies (Crypt:3)
  A harpy skeleton (Crypt:3)
  A death drake skeleton (Crypt:1)
  14 blink frogs
  3 ettin zombies
  A frost giant simulacrum (Depths:4)
  Prince Ribbit (D:5)
  A hippogriff (shapeshifter) (Depths:1)
  9 snapping turtles
  8 dream sheep
  A fire giant simulacrum (Depths:2)
  14 hippogriffs
  A shadow (D:12)
  An alligator skeleton (Crypt:2)
  43 flying skulls
  Sigmund (D:5)
  A tarantella (Vaults:2)
  An ushabti (Crypt:3)
  6 air elementals
  An ettin skeleton (Tomb:2)
  A spriggan skeleton (Depths:2)
  A spriggan simulacrum (Vaults:3)
  2 redbacks (Vaults:2)
  4 spriggans
  A fire dragon skeleton (Crypt:3)
  A ynoxinul (Depths:1)
  2 spriggans (shapeshifter)
  A dire elephant simulacrum (Crypt:1)
  24 yaks
  17 wraiths
  A tarantella (shapeshifter) (Depths:1)
  A basilisk (shapeshifter) (Vaults:5)
  A human (D:7)
  2 elf zombies
  23 water elementals
  8 basilisks
  A chaos spawn (Depths:2)
  5 fire elementals
  A human (shapeshifter) (Vaults:4)
  A fire bat (shapeshifter) (Depths:3)
  4 wyverns
  A black mamba skeleton (Crypt:1)
  11 golden eyes
  7 hogs
  2 spatial vortices (Vaults:3)
  A neqoxec (Depths:1)
  8 wargs
  A swamp worm (shapeshifter) (Vaults:5)
  An insubstantial wisp (Vaults:3)
  3 vampire mosquitoes (D:15)
  Edmund (D:4)
  45 nagas
  2 acid dragons
  2 hydra simulacra (Vaults:3)
  3 floating eyes
  A soldier ant (D:14)
  6 porcupines
  7 water moccasins
  11 hell hounds
  A water nymph skeleton (Crypt:2)
  A swamp drake (D:10)
  A cane toad skeleton (Crypt:1)
  4 ice beasts
  10 black bears
  A black bear (shapeshifter) (D:14)
  A manticore zombie (Crypt:3)
  A phantom (D:4)
  A necrophage (Crypt:1)
  65 orc warriors
  6 eyes of draining
  A fire dragon simulacrum (Vaults:3)
  An eye of draining (shapeshifter) (Depths:2)
  4 sky beasts
  A sky beast (shapeshifter) (Depths:5)
  4 black mamba simulacra (Vaults:3)
  34 ogres
  6 wolves
  8 boggarts
  23 centaurs
  2 lemures (D:5)
  10 big kobolds
  5 crocodiles
  An octopode zombie (Crypt:2)
  17 bullfrogs
  A gnoll sergeant (D:11)
  A wyvern zombie (D:6)
  An earth elemental (Elf:2)
  8 wyvern skeletons (Crypt:3)
  2 small abominations (Vaults:3)
  7 scorpions
  4 killer bees (D:8)
  8 howler monkeys
  12 wights
  3 lava snakes (Volcano)
  2 crimson imps (Depths:1)
  A human simulacrum (Vaults:5)
  A bullfrog zombie (D:6)
  28 orc priests
  15 centaur skeletons
  3 hounds
  13 jellies
  2 bullfrog skeletons
  A quasit (Depths:1)
  24 orc wizards
  An iron imp (Depths:1)
  6 iguanas
  A porcupine zombie (Crypt:1)
  4 lightning spires (Vaults:3)
  8 worker ants
  An acid dragon zombie (Crypt:2)
  2 crocodile zombies
  A big kobold zombie (Ossuary)
  A hound zombie (D:6)
  19 mummies
  Robin (D:4)
  A worker ant zombie (D:7)
  14 gnolls
  A howler monkey skeleton (D:6)
  12 adders
  2 naga simulacra
  2 shadow imps (Depths:1)
  3 white imps
  5 ufetubi
  5 oozes
  A halfling zombie (Crypt:2)
  An adder zombie (D:6)
  An iguana skeleton (Crypt:1)
  2 worms (D:2)
  3 dart slugs
  5 leopard geckos
  108 orcs
  9 giant cockroaches
  8 hobgoblins
  15 jackals
  4 quokkas
  3 ball pythons
  A ball python skeleton (Crypt:1)
  6 bats
  4 frilled lizards
  2 gnoll zombies (Ossuary)
  20 goblins
  3 hobgoblin zombies (Ossuary)
  31 kobolds
  A kobold skeleton (Crypt:2)
  A kobold zombie (Crypt:3)
  2 orc zombies (Ossuary)
  3 rats
  A macabre mass (Vaults:3)
  A tentacle (Shoals:4)
2596 creatures vanquished.

Vanquished Creatures (collateral kills)
  2 deep elf magi
  3 ugly things (Vaults:2)
5 creatures vanquished.

Vanquished Creatures (others)
  A deep elf annihilator (Elf:3)
  A yaktaur captain (Vaults:4)
  An ice dragon (Depths:3)
  An ogre mage (Vaults:3)
  A hell hog (Depths:1)
  A deep elf knight (Elf:1)
  Sonja (Orc:2)
  A necromancer (Crypt:2)
  3 deep elf magi (Elf:2)
  A water elemental (Elf:1)
  An ushabti (Tomb:2)
  An air elemental (Elf:1)
  A swamp worm (shapeshifter) (Vaults:5)
  A quasit (Depths:1)
  A gnoll (D:11)
  2 ball lightnings (Vaults:3)
  An orc (Vaults:1)
  A kobold (D:13)
  33 fungi
  81 plants
  14 tentacles
  7 toadstools (D:8)
  15 withered plants (Crypt:3)
171 creatures vanquished.

Grand Total: 2772 creatures vanquished

Notes
Turn   | Place    | Note
-------+----------+-------------------------------------------
     0 | D:1      | DogServant the Gargoyle Fighter began the quest for the
                  | Orb.
     0 | D:1      | Reached XP level 1. HP: 14/14 MP: 1/1
   116 | D:1      | Reached XP level 2. HP: 19/19 MP: 2/2
   472 | D:1      | Reached XP level 3. HP: 20/23 MP: 3/3
  1164 | D:2      | Found an opulent altar of Gozag.
  1222 | D:2      | Found a blossoming altar of Fedhas.
  1323 | D:2      | Found a bloodstained altar of Trog.
  1364 | D:2      | Found a glowing silver altar of Zin.
  1527 | D:2      | Reached XP level 4. HP: 28/28 MP: 4/4
  1642 | D:2      | Found a shattered altar of Ashenzari.
  1646 | D:2      | Saw a vision of the Shoals and the Snake Pit.
  1646 | D:2      | Noticed a naga
  1646 | D:2      | Noticed a mana viper
  1646 | D:2      | Noticed a naga mage
  1646 | D:2      | Noticed a naga
  1646 | D:2      | Noticed a naga ritualist
  1646 | D:2      | Noticed a naga
  1646 | D:2      | Noticed a naga
  1646 | D:2      | Noticed a mana viper
  1646 | D:2      | Noticed a hippogriff
  1646 | D:2      | Noticed a merfolk
  1646 | D:2      | Noticed a merfolk
  1646 | D:2      | Noticed a merfolk siren
  1646 | D:2      | Noticed a merfolk
  1646 | D:2      | Noticed a merfolk siren
  1646 | D:2      | Noticed a merfolk
  1646 | D:2      | Noticed a merfolk siren
  1646 | D:2      | Noticed a black mamba
  1647 | D:2      | Noticed a black mamba
  1647 | D:2      | Noticed a naga
  1647 | D:2      | Noticed a naga sharpshooter
  1647 | D:2      | Noticed a merfolk
  2308 | D:3      | Reached XP level 5. HP: 32/32 MP: 5/5
  2434 | D:3      | Reached skill level 5 in Shields
  2581 | D:3      | Reached XP level 6. HP: 6/38 MP: 6/6
  3255 | D:4      | Noticed Grinder
  3311 | D:4      | Noticed Robin
  3323 | D:4      | Killed Robin
  3479 | D:4      | Found a staircase to the Ecumenical Temple.
  3496 | Temple   | Entered the Ecumenical Temple
  3541 | Temple   | Became a worshipper of Warmaster Okawaru
  3707 | D:4      | Noticed a phantom
  3728 | D:4      | Killed a phantom
  3728 | D:4      | Reached skill level 4 in Fighting
  3913 | D:4      | Found a radiant altar of Vehumet.
  3987 | D:4      | Noticed Edmund
  3995 | D:4      | Killed Edmund
  3995 | D:4      | Reached skill level 5 in Maces & Flails
  3995 | D:4      | Reached XP level 7. HP: 36/43 MP: 7/7
  4105 | D:4      | Paralysed by Grinder for 5 turns
  4114 | D:4      | Paralysed by Grinder for 7 turns
  4129 | D:4      | Killed Grinder
  4129 | D:4      | Reached * piety under Okawaru
  4331 | D:5      | Entered Level 5 of the Dungeon
  4339 | D:5      | Noticed Prince Ribbit
  4581 | D:5      | Noticed Pikel
  4749 | D:6      | Reached XP level 8. HP: 48/48 MP: 8/8
  4779 | D:6      | Reached skill level 5 in Fighting
  4809 | D:6      | Reached skill level 5 in Armour
  5487 | D:6      | Reached skill level 6 in Fighting
  5701 | D:6      | Reached ** piety under Okawaru
  5891 | D:5      | Found a shadowy altar of Dithmenos.
  6098 | D:5      | Killed Pikel
  6098 | D:5      | Reached skill level 7 in Fighting
  6098 | D:5      | Reached XP level 9. HP: 57/57 MP: 9/9
  6145 | D:5      | Killed Prince Ribbit
  6254 | D:5      | Noticed Sigmund
  6264 | D:5      | Killed Sigmund
  6275 | D:5      | Reached *** piety under Okawaru
  6411 | D:5      | Found a shimmering altar of Xom.
  6439 | D:5      | Found an ancient bone altar of Kikubaaqudgha.
  6910 | D:8      | Reached skill level 8 in Fighting
  6958 | D:8      | Found a sand-covered staircase.
  6964 | Ossuary  | Entered an ossuary
  7342 | D:8      | Noticed a two-headed ogre
  7625 | D:8      | Found a sacrificial altar of Ru.
  7642 | D:8      | Reached XP level 10. HP: 64/64 MP: 10/10
  8161 | D:8      | Reached skill level 1 in Invocations
  8169 | D:8      | Reached skill level 1 in Evocations
  8234 | D:8      | Reached **** piety under Okawaru
  8477 | D:9      | Noticed Maurice
  8744 | D:7      | Found a sparkling altar of Nemelex Xobeh.
  8767 | D:7      | Found a snail-covered altar of Cheibriados.
  8810 | D:7      | Reached skill level 9 in Fighting
  8857 | D:7      | Noticed Joseph
  8880 | D:7      | Killed Joseph
  9448 | D:7      | Reached ***** piety under Okawaru
  9830 | D:9      | Received a gift from Okawaru
  9849 | D:9      | Identified a +1 pair of boots of running (Okawaru gifted it
                  | to you on level 9 of the Dungeon)
  9960 | D:10     | Entered Level 10 of the Dungeon
  9984 | D:10     | Found Roitsilo's Weapon Boutique.
 10045 | D:10     | Reached skill level 1 in Dodging
 10076 | D:10     | Noticed an unseen horror
 10094 | D:10     | Killed an unseen horror
 10094 | D:10     | Reached XP level 11. HP: 62/72 MP: 14/14
 10202 | D:10     | Reached skill level 5 in Invocations
 10224 | D:10     | Reached skill level 10 in Fighting
 10224 | D:10     | Reached skill level 10 in Maces & Flails
 10365 | D:10     | Found a blossoming altar of Fedhas.
 10587 | D:10     | Found a staircase to the Orcish Mines.
 10723 | D:10     | Noticed a two-headed ogre
 10732 | D:10     | Killed a two-headed ogre
 10818 | D:10     | Found Irchagax's Magic Scroll Shoppe.
 10827 | D:10     | Bought a scroll of fear for 59 gold pieces
 10827 | D:10     | Bought a scroll of teleportation for 51 gold pieces
 10827 | D:10     | Bought a scroll of blinking for 127 gold pieces
 11411 | D:9      | Found a white marble altar of Elyvilon.
 11429 | D:9      | Killed Maurice
 11517 | D:9      | Noticed a two-headed ogre
 11535 | D:9      | Killed a two-headed ogre
 11535 | D:9      | Received a gift from Okawaru
 11675 | D:9      | Found an ornate altar of the Wu Jian Council.
 11832 | D:11     | Found a staircase to the Lair.
 12083 | D:11     | Received a gift from Okawaru
 12083 | D:11     | Reached XP level 12. HP: 79/79 MP: 17/17
 12271 | D:11     | Reached skill level 11 in Fighting
 12286 | D:11     | Found an opulent altar of Gozag.
 13006 | D:12     | Noticed a six-headed hydra
 13010 | D:12     | Noticed a centaur warrior
 13012 | D:12     | Killed a six-headed hydra
 13023 | D:12     | Killed a centaur warrior
 13075 | D:12     | Noticed a two-headed ogre
 13127 | D:12     | Noticed an ogre mage
 13164 | Lair:1   | Entered Level 1 of the Lair of Beasts
 13370 | Lair:1   | Reached skill level 5 in Dodging
 13864 | Lair:1   | Received a gift from Okawaru
 13877 | Lair:1   | Got a pair of crude boots {god gift}
 13888 | Lair:1   | Identified the -2 pair of boots of Amorality {rPois}
                  | (Okawaru gifted it to you on level 1 of the Lair of Beasts)
 13953 | Lair:1   | Reached ****** piety under Okawaru
 14390 | Lair:2   | Found a staircase to the Snake Pit.
 14435 | Lair:2   | Noticed a five-headed hydra
 14444 | Lair:2   | Killed a five-headed hydra
 14477 | Lair:2   | Reached skill level 12 in Fighting
 14480 | Lair:2   | Reached XP level 13. HP: 86/86 MP: 19/19
 15013 | Lair:2   | Found a staircase to the Shoals.
 15694 | Lair:4   | Identified a scroll of acquirement
 15694 | Lair:4   | Acquired a +4 plate armour of cold resistance
 15868 | Lair:4   | Found a frozen archway.
 15921 | IceCv    | Entered an ice cave
 16807 | Lair:5   | Noticed Kirke
 17157 | Lair:4   | Killed Kirke
 17157 | Lair:4   | Received a gift from Okawaru
 17219 | Lair:5   | Found a staircase to the Slime Pits.
 17395 | Lair:5   | Reached skill level 10 in Invocations
 17763 | Lair:5   | Noticed Snorg
 17789 | Lair:5   | Killed Snorg
 17996 | Lair:5   | Gained mutation: Your large and strong wings let you fly
                  | indefinitely. [Gargoyle growth]
 17996 | Lair:5   | Reached XP level 14. HP: 92/92 MP: 21/21
 18030 | Lair:5   | Noticed Urug
 18052 | Lair:5   | Killed Urug
 18104 | Lair:5   | Reached skill level 13 in Fighting
 18411 | Lair:6   | Entered Level 6 of the Lair of Beasts
 18502 | Lair:6   | Found a dark tunnel.
 18521 | Volcano  | Entered a volcano
 19019 | Lair:6   | Received a gift from Okawaru
 19381 | Lair:6   | Received a gift from Okawaru
 19463 | Lair:6   | Reached skill level 10 in Armour
 20303 | D:12     | Learned a level 3 spell: Frozen Ramparts
 20307 | D:12     | Learned a level 3 spell: Ozocubu's Armour
 20358 | D:12     | Noticed Fannar
 20371 | D:12     | Killed Fannar
 20376 | D:12     | Reached skill level 1 in Ice Magic
 20376 | D:12     | Reached skill level 5 in Evocations
 20574 | D:12     | Noticed Nessos
 20606 | D:12     | Killed Nessos
 20802 | D:12     | Found a runed translucent door.
 20803 | D:12     | Noticed a fire giant
 20803 | D:12     | Noticed a deep elf annihilator
 20804 | D:12     | Noticed a fire giant
 21121 | D:13     | Noticed Rupert
 21214 | D:13     | Reached XP level 15. HP: 99/99 MP: 23/23
 21222 | D:13     | Found Ycory's Jewellery Emporium.
 21448 | D:13     | Paralysed by Rupert for 7 turns
 21578 | Snake:1  | Entered Level 1 of the Snake Pit
 21822 | Orc:1    | Entered Level 1 of the Orcish Mines
 21822 | Orc:1    | Noticed Erolcha
 21822 | Orc:1    | Noticed Nergalle
 21822 | Orc:1    | Noticed an orc warlord
 21832 | D:10     | Killed Nergalle
 21922 | D:10     | Killed an orc warlord
 22002 | Orc:1    | Killed Erolcha
 22228 | Orc:2    | Entered Level 2 of the Orcish Mines
 22311 | Orc:2    | Received a gift from Okawaru
 22319 | Orc:2    | Found a staircase to the Elven Halls.
 22433 | Orc:2    | Noticed Donald
 22471 | Orc:2    | Killed Donald
 22710 | Orc:2    | Found Bemir's Book Boutique.
 22757 | Orc:2    | Noticed Sonja
 22769 | Orc:2    | Killed Sonja
 22989 | Orc:2    | Paralysed by an orc sorcerer for 6 turns
 22999 | Orc:2    | Reached skill level 1 in Throwing
 23680 | Orc:2    | Found a roughly hewn altar of Beogh.
 23998 | Orc:2    | Reached skill level 10 in Shields
 24031 | Orc:2    | Found Foic's General Store.
 24031 | Orc:2    | Found Vufakky's Antique Armour Shoppe.
 24033 | Orc:2    | Found Fizeumm's Magic Scroll Shoppe.
 24033 | Orc:2    | Found Toit's General Store.
 24055 | Orc:2    | Bought +1 gold dragon scales for 1218 gold pieces
 24055 | Orc:2    | Bought a scroll of teleportation for 42 gold pieces
 24056 | Orc:2    | Bought a scroll of acquirement for 780 gold pieces
 24060 | Orc:2    | Bought a scroll of teleportation for 45 gold pieces
 24063 | Orc:2    | Acquired a scarf of resistance
 24833 | Snake:1  | Received a gift from Okawaru
 24855 | Snake:1  | Got a masterwork dire flail {god gift}
 24856 | Snake:1  | Identified the +1 dire flail of the Hero {drain, *Noise rF+
                  | rC+ Str+4} (Okawaru gifted it to you on level 1 of the
                  | Snake Pit)
 25513 | D:13     | Killed Rupert
 25513 | D:13     | Reached skill level 5 in Ice Magic
 26191 | D:14     | Reached XP level 16. HP: 104/104 MP: 24/24
 26300 | D:14     | Received a gift from Okawaru
 26564 | D:14     | Noticed Azrael
 26580 | D:14     | Killed Azrael
 27198 | D:14     | Found a gate to the Vaults.
 27435 | Shoals:1 | Entered Level 1 of the Shoals
 27461 | Shoals:1 | Received a gift from Okawaru
 28233 | Shoals:1 | Reached skill level 14 in Fighting
 28774 | Shoals:1 | Received a gift from Okawaru
 29278 | Shoals:2 | Found Gios's General Store.
 29304 | Shoals:2 | Noticed Louise
 29318 | Shoals:2 | Killed Louise
 29604 | Shoals:2 | Noticed Polyphemus
 29639 | Shoals:2 | Killed Polyphemus
 29689 | Shoals:2 | Received a gift from Okawaru
 29689 | Shoals:2 | Reached XP level 17. HP: 112/112 MP: 23/25
 30353 | Shoals:3 | Reached skill level 10 in Dodging
 30615 | Shoals:3 | Noticed a kraken
 30943 | Shoals:3 | Killed a kraken
 31555 | Shoals:4 | Entered Level 4 of the Shoals
 31992 | Slime:1  | Entered Level 1 of the Pits of Slime
 32140 | Shoals:2 | Bought a +1 cloak of preservation for 247 gold pieces
 32305 | Slime:1  | Noticed an acid blob
 32642 | Slime:1  | Killed an acid blob
 32849 | Slime:1  | Noticed an acid blob
 32851 | Slime:1  | Noticed an acid blob
 32862 | Slime:1  | Killed an acid blob
 32867 | Slime:1  | Killed an acid blob
 33320 | Slime:2  | Noticed an acid blob
 33464 | Slime:2  | Noticed an acid blob
 33467 | Slime:1  | Paralysed by a great orb of eyes for 6 turns
 33613 | Slime:2  | Reached skill level 15 in Fighting
 33613 | Slime:2  | Noticed an acid blob
 33624 | Slime:2  | Killed an acid blob
 34295 | Orc:2    | Bought a scroll of enchant armour for 105 gold pieces
 34747 | Shoals:4 | Received a gift from Okawaru
 35050 | Shoals:4 | Got a polished chain mail
 35055 | Shoals:4 | Identified the +6 chain mail of Melancholy {*Contam rC++
                  | Str+3} (You found it on level 4 of the Shoals)
 35765 | Shoals:4 | Got a barnacled rune of Zot
 36517 | Vaults:1 | Entered Level 1 of the Vaults
 36639 | Vaults:1 | Reached XP level 18. HP: 97/119 MP: 19/26
 37074 | Vaults:1 | Received a gift from Okawaru
 37319 | Vaults:1 | Received a gift from Okawaru
 37698 | Vaults:1 | Found a roughly hewn altar of Beogh.
 38401 | Vaults:2 | Identified the Almanac of Flying Confrontation
 38565 | Vaults:2 | Cast into level 3 of the Abyss (a wizard)
 38681 | Vaults:2 | Escaped the Abyss
 38726 | Vaults:2 | Reached skill level 5 in Throwing
 39128 | Shoals:2 | Gained mutation: You possess an exceptional clarity of
                  | mind. [potion of mutation]
 39128 | Shoals:2 | Gained mutation: You passively map a small area around you.
                  | [potion of mutation]
 39128 | Shoals:2 | Gained mutation: Your skin changes colour to match your
                  | surroundings (Stealth+). [potion of mutation]
 39128 | Shoals:2 | Gained mutation: You are robust. (+10% HP) [potion of
                  | mutation]
 39755 | Vaults:2 | Received a gift from Okawaru
 40371 | Vaults:2 | Reached skill level 16 in Fighting
 41790 | Vaults:3 | Paralysed by an ogre mage for 4 turns
 41805 | Vaults:3 | Reached XP level 19. HP: 88/137 MP: 21/27
 41841 | Vaults:3 | Reached skill level 10 in Evocations
 42074 | Vaults:3 | Paralysed by an orc sorcerer for 5 turns
 42887 | Vaults:3 | Identified Furiur's Handbook of Ice
 43033 | Vaults:3 | Received a gift from Okawaru
 43056 | Vaults:3 | Noticed Frederick
 43081 | Vaults:3 | Killed Frederick
 43081 | Vaults:3 | Received a gift from Okawaru
 43344 | Vaults:3 | Noticed a bone dragon
 43375 | Vaults:3 | Killed a bone dragon
 43523 | Vaults:3 | Found a staircase to the Crypt.
 43753 | Vaults:3 | Noticed a bone dragon
 43786 | Vaults:3 | Killed a bone dragon
 44088 | Vaults:3 | Identified the Catalogue of Orientation
 44265 | Vaults:3 | Learned a level 9 spell: Shatter
 44338 | Vaults:3 | Identified Itamas's Compendium of Feathers
 44392 | Vaults:3 | Identified the Guide on Black Rituals
 44483 | Vaults:3 | Noticed Aizul
 44498 | Vaults:3 | Killed Aizul
 44600 | Vaults:4 | Reached skill level 1 in Earth Magic
 44874 | Vaults:4 | Found Kuomes's Armour Shoppe.
 44881 | Vaults:4 | Bought a +2 pair of gloves of strength for 387 gold pieces
 44934 | Vaults:4 | Reached skill level 15 in Armour
 45153 | Vaults:4 | Received a gift from Okawaru
 45153 | Vaults:4 | Reached XP level 20. HP: 117/145 MP: 28/28
 45196 | Vaults:4 | Got a polished tower shield {god gift}
 45502 | Vaults:4 | Found Huumudymm's Jewellery Boutique.
 45697 | Vaults:4 | Reached skill level 17 in Fighting
 45838 | Vaults:4 | Found Jaur's Assorted Antiques.
 46053 | Vaults:4 | Found Hoyrro's Gadget Shop.
 46288 | Vaults:4 | Found Iloh's Magic Scroll Emporium.
 46370 | Vaults:4 | Reached skill level 5 in Earth Magic
 46374 | Vaults:4 | Received a gift from Okawaru
 46394 | Vaults:4 | Got a crystal dire flail {god gift}
 46395 | Vaults:4 | Identified the +4 dire flail of Moderation {chaos, rElec}
                  | (Okawaru gifted it to you on level 4 of the Vaults)
 46396 | Vaults:4 | Identified the +8 tower shield of the Turtle {*Corrode rF+
                  | Str+3} (Okawaru gifted it to you on level 4 of the Vaults)
 47686 | Snake:2  | Noticed Saint Roka
 47700 | Snake:2  | Killed Saint Roka
 47965 | Snake:2  | Found Aramugry's Antique Armour Shop.
 47980 | Snake:2  | Bought a shiny kite shield for 240 gold pieces
 48043 | Snake:2  | Received a gift from Okawaru
 48155 | Snake:2  | Noticed Frances
 48170 | Snake:2  | Killed Frances
 48486 | Snake:3  | Reached XP level 21. HP: 133/152 MP: 22/29
 48501 | Snake:3  | Received a gift from Okawaru
 48566 | Snake:3  | Received a gift from Okawaru
 49159 | Snake:3  | Found Iklural's Distillery.
 49164 | Snake:3  | Bought 2 potions of heal wounds for 140 gold pieces
 49164 | Snake:3  | Bought a potion of heal wounds for 70 gold pieces
 49381 | Snake:3  | Identified the Compendium of Confrontation
 49529 | Snake:4  | Entered Level 4 of the Snake Pit
 49531 | Snake:4  | Noticed Bai Suzhen
 49547 | Snake:4  | Killed Bai Suzhen
 49678 | Snake:4  | Reached skill level 15 in Shields
 50115 | Snake:4  | Received a gift from Okawaru
 50483 | Snake:4  | Noticed Vashnia
 50521 | Snake:4  | Killed Vashnia
 50521 | Snake:4  | Reached XP level 22. HP: 156/159 MP: 31/31
 50895 | Snake:4  | Got a serpentine rune of Zot
 51220 | Elf:1    | Entered Level 1 of the Elven Halls
 51506 | Elf:1    | Reached skill level 15 in Maces & Flails
 52102 | Elf:1    | Received a gift from Okawaru
 52640 | Elf:2    | Found Vawet's Book Shop.
 52659 | Elf:2    | Received a gift from Okawaru
 52668 | Elf:2    | Acquired 780 gold pieces
 52780 | Elf:2    | Found the +3 Elemental Staff {rElec rF++ rC++ MR++ AC+5}
 53032 | Elf:2    | Found a runed translucent gate.
 53032 | Elf:2    | Found a runed translucent gate.
 53032 | Elf:2    | Found a runed translucent gate.
 53765 | Elf:3    | Entered Level 3 of the Elven Halls
 53948 | Elf:3    | Reached skill level 18 in Fighting
 54023 | Elf:3    | Noticed Asterion
 54034 | Elf:3    | Killed Asterion
 54412 | Elf:3    | Received a gift from Okawaru
 54422 | Elf:3    | Reached XP level 23. HP: 106/167 MP: 5/33
 54461 | Elf:3    | Identified the +8 halberd of the Screaming Whale {freeze,
                  | Str+2}
 54740 | Elf:3    | Identified the +7 flail "Ymixtuaz" {vorpal, rN+ Stlth+}
 54740 | Elf:3    | Identified the ring "Xoleomem" {AC+4 Int+2}
 55289 | Elf:3    | Identified the Tome of Virous Translocation
 56732 | Slime:1  | Found a viscous altar of Jiyva.
 57031 | Slime:3  | Gained mutation: Your body sometimes deteriorates upon
                  | taking damage. [a shining eye]
 57378 | Slime:4  | Gained mutation: Your magical capacity is low. (-10% MP) [a
                  | shining eye]
 57881 | Slime:4  | Received a gift from Okawaru
 58717 | Slime:4  | Paralysed by a floating eye for 4 turns
 59170 | Slime:4  | Lost mutation: You are robust. (+10% HP) [a shining eye]
 59322 | Slime:5  | Entered Level 5 of the Pits of Slime
 59349 | Slime:5  | Received a gift from Okawaru
 59412 | Slime:5  | Noticed the Royal Jelly
 60082 | Vaults:5 | Entered Level 5 of the Vaults
 60092 | Vaults:5 | Received a gift from Okawaru
 60097 | Vaults:5 | Received a gift from Okawaru
 60161 | Vaults:5 | Reached XP level 24. HP: 79/159 MP: 30/30
 60182 | Vaults:5 | Noticed Xtahua
 60274 | Vaults:5 | Killed Xtahua
 60370 | Vaults:5 | Reached skill level 19 in Fighting
 60378 | Vaults:5 | Reached skill level 15 in Invocations
 60866 | Vaults:4 | Bought a potion of curing for 63 gold pieces
 60866 | Vaults:4 | Bought a scroll of summoning for 199 gold pieces
 60953 | Vaults:4 | Received a gift from Okawaru
 61190 | Vaults:4 | Received a gift from Okawaru
 62403 | D:15     | Entered Level 15 of the Dungeon
 62832 | D:15     | Found a staircase to the Depths.
 63476 | Depths:1 | Entered Level 1 of the Depths
 64046 | Depths:1 | Reached XP level 25. HP: 166/166 MP: 31/31
 64225 | Depths:1 | Found a one-way gate leading to the halls of Pandemonium.
 64518 | Depths:1 | Received a gift from Okawaru
 64551 | Depths:1 | Got a masterwork flail {god gift}
 64552 | Depths:1 | Identified the +7 flail "Dyos" {vorpal, +Inv Str+4 Dex-3}
                  | (Okawaru gifted it to you on level 1 of the Depths)
 64621 | Depths:1 | Found a gateway to Hell.
 65374 | Depths:2 | Found a runed translucent door.
 65374 | Depths:2 | Found a shimmering altar of Xom.
 65374 | Depths:2 | Noticed Soelun's ghost (veteran GnWz)
 65410 | Depths:2 | Killed Soelun's ghost
 65617 | Depths:2 | Received a gift from Okawaru
 65795 | Depths:2 | Reached skill level 15 in Dodging
 65815 | Depths:2 | Received a gift from Okawaru
 65989 | Depths:2 | Reached skill level 15 in Evocations
 66230 | Depths:2 | Identified the Collected Works on Flight
 66836 | Depths:3 | Got a faintly glowing lead ring
 66941 | Depths:3 | Found a gateway to a ziggurat.
 67212 | Depths:3 | Found Hyharoycai's Assorted Antiques.
 67214 | Depths:3 | Found Ruim Rozu's Assorted Antiques.
 67216 | Depths:3 | Found Egannom's Jewellery Boutique.
 67356 | Depths:3 | Found a runed translucent door.
 67356 | Depths:3 | Noticed a juggernaut
 67358 | Depths:3 | Noticed a juggernaut
 68484 | Crypt:1  | Entered Level 1 of the Crypt
 68582 | Crypt:1  | Identified the ring "Dyojome" {Int+6 Dex+4} (You found it
                  | on level 3 of the Depths)
 68628 | Crypt:1  | Reached skill level 20 in Fighting
 68816 | Crypt:1  | Reached XP level 26. HP: 174/174 MP: 31/31
 68850 | Crypt:1  | Received a gift from Okawaru
 69141 | Crypt:1  | Received a gift from Okawaru
 69176 | Crypt:1  | Identified the +6 morningstar of Pride {drain, +Blink rPois
                  | rF-} (Okawaru gifted it to you on level 1 of the Crypt)
 69973 | Crypt:2  | Noticed Margery
 69993 | Crypt:2  | Killed Margery
 70094 | Crypt:2  | Acquired a manual of Fighting
 70226 | Crypt:2  | Noticed Jory
 70244 | Crypt:2  | Killed Jory
 70711 | Crypt:2  | Identified the cursed -1 tower shield "Goreoho" {Str+4}
 70711 | Crypt:2  | Noticed Mennas
 70767 | Crypt:2  | Killed Mennas
 71173 | Crypt:3  | Entered Level 3 of the Crypt
 71224 | Crypt:3  | Found the +8 demon blade "Leech" {vamp, *Rage +Rage rN+}
 71360 | Crypt:3  | Found an ancient bone altar of Kikubaaqudgha.
 71709 | Crypt:3  | Noticed an ancient lich
 71726 | Crypt:3  | Killed an ancient lich
 72008 | Crypt:3  | Got a vibrating jade ring
 72008 | Crypt:3  | Got a brightly glowing marble ring
 72008 | Crypt:3  | Got a twitching lead ring
 72015 | Crypt:3  | Identified the Incunabulum of Contamination and the
                  | Arsonist
 72027 | Crypt:3  | Identified the ring of Lonyngep {rC+ rN+ MR+} (You found it
                  | on level 3 of the Crypt)
 72028 | Crypt:3  | Identified the ring of Pevinali {rPois rC+ rN+} (You found
                  | it on level 3 of the Crypt)
 72029 | Crypt:3  | Identified the ring "Nuxt" {rN+ Int+2 Dex+4} (You found it
                  | on level 3 of the Crypt)
 72190 | Crypt:3  | Received a gift from Okawaru
 72550 | Crypt:3  | Found a staircase to the Tomb.
 73526 | Vaults:4 | Reached skill level 21 in Fighting
 74302 | Vaults:5 | Reached XP level 27. HP: 116/182 MP: 32/32
 74876 | Vaults:5 | Got a masterwork kite shield {god gift}
 74887 | Vaults:5 | Identified the +8 kite shield "Tocox" {+Inv rC++} (Okawaru
                  | gifted it to you on level 5 of the Vaults)
 74993 | Vaults:5 | Identified the Incunabulum of Shifting Ice
 75089 | Vaults:5 | Identified the Compendium of Shape Shifting and Stones
 75439 | Vaults:5 | Got a silver rune of Zot
 75786 | Vaults:5 | Found Ecwie's General Store.
 75789 | Vaults:5 | Bought a scroll of blinking for 90 gold pieces
 76424 | Depths:4 | Found a one-way gate to the infinite horrors of the Abyss.
 76429 | Depths:4 | Received a gift from Okawaru
 77717 | Depths:4 | Found Salasac's Magic Scroll Shop.
 78944 | Depths:4 | Found Baf Buvy's Antique Weapon Shop.
 78945 | Depths:4 | Found Leupirchau's Magic Scroll Shop.
 78949 | Depths:4 | Paralysed by a floating eye for 3 turns
 78961 | Depths:4 | Paralysed by a floating eye for 4 turns
 78970 | Depths:4 | Reached skill level 22 in Fighting
 78993 | Depths:4 | Paralysed by a floating eye for 3 turns
 79040 | Depths:4 | Found Bosotec's Assorted Antiques.
 79040 | Depths:4 | Found Fank's Antique Armour Shoppe.
 79157 | Depths:4 | Bought a glowing scarf for 184 gold pieces
 79157 | Depths:4 | Bought a shiny helmet for 172 gold pieces
 79161 | Depths:4 | Bought a scroll of holy word for 142 gold pieces
 79161 | Depths:4 | Bought a scroll of enchant armour for 142 gold pieces
 79161 | Depths:4 | Bought a scroll of blinking for 142 gold pieces
 79161 | Depths:4 | Bought a scroll of fog for 38 gold pieces
 79161 | Depths:4 | Bought a scroll of enchant armour for 142 gold pieces
 79550 | Depths:5 | Entered Level 5 of the Depths
 79575 | Depths:5 | Paralysed by a floating eye for 4 turns
 79749 | Depths:5 | Received a gift from Okawaru
 80353 | Depths:5 | Received a gift from Okawaru
 80608 | Depths:5 | Found a gate to the Realm of Zot.
 80768 | Depths:5 | Received a gift from Okawaru
 80824 | Depths:5 | Received a gift from Okawaru
 82339 | Tomb:1   | Entered Level 1 of the Tomb of the Ancients
 83075 | Tomb:1   | Reached skill level 23 in Fighting
 83367 | Tomb:1   | Noticed a greater mummy
 83385 | Tomb:1   | Killed a greater mummy
 83390 | Tomb:1   | Noticed a greater mummy
 83412 | Tomb:1   | Killed a greater mummy
 83523 | Tomb:1   | Noticed a greater mummy
 83541 | Tomb:1   | Killed a greater mummy
 84917 | Tomb:2   | Noticed an ancient lich
 84917 | Tomb:2   | Noticed a greater mummy
 84932 | Tomb:2   | Killed an ancient lich
 84932 | Tomb:2   | Noticed a greater mummy
 84949 | Tomb:2   | Noticed a greater mummy
 84955 | Tomb:2   | Killed a greater mummy
 84969 | Tomb:2   | Killed a greater mummy
 84969 | Tomb:2   | Received a gift from Okawaru
 85010 | Tomb:2   | HP: 3/188 [emperor scorpion[a greater mummy] (10)]
 85010 | Tomb:2   | Slain by a mummy

Illustrated notes

Levels and vault maps discovered:
D:1:      minmay_arrival_shattered_statue, layout_basic
D:2:      layout_loops_corners, nicolae_overflow_hidden_temple,
          lemuel_doored_altar, grunt_temple_overflow_open,
          grunt_ashenzari_visionary [grunt_ashenzari_visionary_shoals,
          grunt_ashenzari_visionary_snake]
D:3:      layout_basic
D:4:      layout_basic, kennysheep_little_box, minmay_temple_entry_glass,
          uniq_robin, uniq_edmund, uniq_grinder
D:5:      layout_cave_pools, kennysheep_mini_moat, kennysheep_mini,
          xom_teletrap_fun, uniq_prince_ribbit1, uniq_pikel, uniq_sigmund
D:6:      layout_gridville
D:7:      layout_basic, nicolae_overflow_crystal_walls, cheibriados_altar_1,
          grunt_livestock, uniq_joseph
D:8:      cheibrodos_fertilizer, layout_loops_corners, hangedman_ru_absence,
          enter_ossuary_2
D:9:      layout_loops_ring, overflow_temple_1_default,
          lemuel_coloured_pillars_altar, uniq_maurice
D:10:     layout_stronghold, erik_orc_1, serial_ice, serial_ice_b, serial_ice_n,
          serial_ice_g, serial_ice_e, serial_shops, shop_fountains,
          nicolae_shop_stone, fedhas_bush_and_centaur_altar
D:11:     layout_basic, minmay_lair_entry_grove, grunt_gozag_statues
D:12:     layout_cave_pools, serial_glass, glass_columns_b, glass_columns_b,
          glass_columns_c, glass_columns_c, minmay_strange_pillars,
          minmay_stone_trees_small, minmay_hidden_floor, uniq_nessos,
          uniq_fannar
D:13:     layout_basic, serial_shops, nicolae_shop_crystal, uniq_rupert
D:14:     layout_irregular_city, hangedman_vaults_entry_quadrant_bands,
          uniq_azrael
D:15:     grunt_enter_depths_hoard, layout_basic
Temple:   eino_temple_lava
Lair:1:   beast_lair_carwin_large_1, layout_cave_pods
Lair:2:   layout_roguey, elwin_shoals_entry_rooms, guppyfry_snake_entry_garden,
          grunt_megastairs_4
Lair:3:   layout_loops_ring, minivault_24
Lair:4:   layout_cave_pods, portal_ice_cave_rime
Lair:5:   layout_regular_city, nicolae_slime_entry_slimehenge, uniq_snorg,
          uniq_kirke, uniq_urug
Lair:6:   evilmike_catoblepas_cave, layout_concentric_octagons, enter_volcano_3,
          grunt_megastairs_5, lemuel_fruit_tree
Shoals:1: layout_shoals, nicolae_shoals_this_corrosion
Shoals:2: layout_shoals, serial_shops, shop_coins, uniq_polyphemus, uniq_louise
Shoals:3: layout_shoals, overgrown_tower
Shoals:4: shoals_end_grunt_ice, layout_shoals
Snake:1:  layout_onion
Snake:2:  layout_misc_corridors, serial_shops, nicolae_shop_overgrown_old_shop,
          nicolae_snake_squiggles, grunt_ministairs_6, uniq_saint_roka,
          uniq_frances
Snake:3:  layout_onion_interference, serial_shops, nicolae_shop_waterfront,
          evilmike_ambush [evilmike_ambush_outer_doors,
          evilmike_ambush_inner_basic]
Snake:4:  grunt_snake_rune_serpentine_throne, layout_cave_town, drop_trap,
          uniq_bai_suzhen, uniq_vashnia
Slime:1:  layout_caves, basic_altar, cheibrodos_slime_lost_civilization_4
Slime:2:  layout_caves
Slime:3:  layout_caves
Slime:4:  layout_caves
Slime:5
Orc:1:    layout_diamond_mine, uniq_erolcha, uniq_nergalle
Orc:2:    grunt_orc_tribal_feast, layout_diamond_mine, serial_shops,
          shop_fountains, minmay_orc_temple_b, uniq_donald, uniq_sonja
Elf:1:    minmay_elf_arrival_summoners, layout_loops_corners, evilmike_minifort,
          minivault_28
Elf:2:    layout_geoelf_diagonals, serial_shops, nicolae_shop_window_shopping
Elf:3:    minmay_elf_hall_curves, layout_geoelf_octagon, uniq_asterion
Vaults:1: grunt_vaults_bifocal, vaults_dpeg_cross, hangedman_vaults_nails,
          nicolae_vaults_little_squares_3, hangedman_vaults_corner,
          special_room_vaults [special_room_orc], hangedman_vaults_stream,
          v_misc_8, layout_vaults_omnicross
Vaults:2: ontoclasm_vaults_idyll, ontoclasm_vaults_decontamination, v_misc_17,
          ontoclasm_vaults_bender, v_alt_pattern_3,
          nicolae_vaults_disjoint_gnomons, nicolae_vaults_little_squares_6,
          hangedman_vaults_cutoff, layout_vaults_chaotic_city
Vaults:3: minmay_crypt_entry_nasty_monster, st_squares, v_misc_32, v_misc_22,
          vaults_room_hallway, v_misc_19, nicolae_vaults_what_the_h,
          vaults_room_door_hall, vaults_room_pool, vaults_mumra_hex,
          layout_vaults_omnigrid, serial_hangedman_research,
          hangedman_research_electronics, hangedman_research_thanatology,
          hangedman_research_quantum, hangedman_research_thermodynamics,
          uniq_aizul, uniq_frederick
Vaults:4: ontoclasm_vaults_ring_square, hangedman_vaults_cutoff, v_misc_29,
          v_alt_pattern_2, hangedman_vaults_hat, vaults_room_corners,
          ontoclasm_vaults_gateway, v_pattern_1, st_octagons_2,
          nicolae_vaults_little_squares_2, hangedman_vaults_impose,
          layout_vaults_maze_snakey, serial_shops, shop, nicolae_shop_crystal,
          shop, nicolae_shop_temple_entry_statues_fountains, shop
Vaults:5: serial_shops, uniq_xtahua
Crypt:1:  layout_misc_corridors, weyrava_ghost_lake, grunt_crypt_arrival_webbed,
          grunt_megastairs_2
Crypt:2:  layout_misc_corridors, minivault_27, uniq_mennas, uniq_jory,
          uniq_margery
Crypt:3:  evilmike_haunted_forest
Tomb:1
Tomb:2
Depths:1: layout_cave_pools, fountainhead, grunt_hell_horde,
          grunt_pan_entry_zigzag, st_stairs_14, drop_trap,
          serial_sigils_hangedman_scar, serial_bayou_ford_a,
          serial_bayou_pond_a, kennysheep_another_room, kennysheep_small_square
Depths:2: minmay_ornate_pinched, layout_cave_shapes, ebering_ghost_xom,
          rand_demon_pan_entry_8, hell_entry, minmay_misc_feat_four_crosses,
          serial_bayou_shore_b
Depths:3: minmay_gate_of_8, layout_gridlike, enter_ziggurat_c,
          hangedman_tar_grid_catacomb, pan_entry, corner_web_ring,
          infiniplex_staircase_zigzag_3, minmay_shop_star
Depths:4: hangedman_box_tower, layout_long_grid, serial_shops, shop,
          abyss_entry, moated_statue, grunt_hell_entry_dis_mu
Depths:5: grunt_twist_and_shout, layout_long_grid, hell_entry,
          minmay_misc_feat_ornament, marbit_kobold_abyss_entry

Skill      XL: |  1  2  3  4  5  6  7  8  9 10 11 12 13 14 15 16 17 18 19 20 21 22 23 24 25 26 27 |
---------------+----------------------------------------------------------------------------------+-----
Shields        | 4 5 6 8 10 11 12 13 14 15 16 17 18 19 20 | 20.7
Maces & Flails | 3 4 5 6 7 8 9 10 11 12 13 14 15 16 17 18 19 | 19.6
Fighting       | 4 7 8 9 10 12 13 14 15 16 17 18 19 20 21 23 | 23.2
Armour         | 4 7 8 9 10 12 13 14 15 | 15.6
Invocations    | 4 6 8 10 11 12 13 14 15 16 17 | 17.9
Evocations     | 3 4 5 6 8 9 10 11 12 13 14 15 17 | 17.3
Dodging        | 1 3 5 7 8 9 11 12 13 14 15 17 | 17.0
Ice Magic      | 2 5 |  5.5
Throwing       | 3 5 7 |  7.1
Earth Magic    | 2 6 7 8 |  8.5

Action                   |  1- 3 |  4- 6 |  7- 9 | 10-12 | 13-15 | 16-18 | 19-21 | 22-24 | 25-27 || total
-------------------------+-------+-------+-------+-------+-------+-------+-------+-------+-------++-------
Melee: Flail             |    64 |       |       |   611 |   431 |       |       |       |       ||  1106
       Mace              |    55 |   157 |   393 |   265 |       |       |       |       |       ||   870
       Eveningstar       |       |       |       |       |   556 |       |       |       |   152 ||   708
       Demon whip        |       |       |       |       |   406 |  1741 |  1900 |  1917 |  3025 ||  8989
Throw: Boomerang         |       |       |     8 |     5 |       |       |       |       |       ||    13
       Dart              |       |       |       |       |    20 |       |       |    11 |       ||    31
       Javelin           |       |       |       |       |       |       |       |       |     4 ||     4
Invok: Heroism           |       |       |     5 |     5 |     5 |    27 |    22 |    21 |    32 ||   117
       Finesse           |       |       |       |     2 |     2 |     9 |     7 |     6 |    17 ||    43
 Abil: Fly               |       |       |       |       |     1 |     4 |       |     3 |     2 ||    10
       Stop Flying       |       |       |       |       |       |     4 |     1 |     3 |     1 ||     9
Evoke: Wand              |       |       |     2 |    11 |     9 |     5 |    18 |    14 |     5 ||    64
  Use: Scroll            |     2 |     1 |    16 |     9 |    11 |    17 |     8 |    20 |    31 ||   115
       Potion            |       |     2 |     1 |     1 |     4 |     6 |     1 |    20 |     8 ||    43
 Stab: Petrified         |       |       |       |       |       |    13 |       |       |       ||    13
       Invisible         |       |       |       |       |       |     1 |       |       |       ||     1
       Distracted        |       |       |       |       |       |       |     1 |     1 |       ||     2
Armor: Scale mail        |    74 |    61 |       |       |       |       |       |       |       ||   135
       Ring mail         |       |       |    94 |   136 |       |       |       |       |       ||   230
       Plate armour      |       |       |       |   305 |   685 |   257 |   373 |   437 |   704 ||  2761
       Gold dragon scale |       |       |       |       |       |   259 |     5 |       |       ||   264
Dodge: Dodged            |    38 |    30 |   135 |   318 |   663 |   484 |   574 |   507 |   888 ||  3637
Block: Kite shield       |    81 |   127 |   319 |   502 |   897 |  1161 |  1243 |  1266 |  2065 ||  7661
       Reflection        |     6 |     3 |     6 |     3 |    13 |   103 |   106 |    88 |    75 ||   403
       Tower shield      |       |       |       |       |       |       |       |       |   140 ||   140

Table legend: (Time is in decaauts)
 A = Elapsed time spent in this place.
 B = Non-inter-level travel time spent in this place.
 C = Inter-level travel time spent in this place.
 D = Time resting spent in this place.
 E = Time spent auto-exploring this place.
 F = Levels seen in this place.
 G = Mean time per level.
                   A        B        C        D        E       F      G
               +--------+--------+--------+--------+--------+-----+--------+
         Total |  76438 |  67342 |   9096 |  17241 |  33406 |  59 | 1295.6 |
       Dungeon |  18937 |  15736 |   3201 |   2734 |   9023 |  15 | 1262.5 |
        Temple |     52 |     45 |      7 |      0 |     31 |   1 |   52.0 |
          Lair |   8941 |   6809 |   2132 |   1708 |   3632 |   6 | 1490.2 |
        Shoals |   5980 |   5496 |    484 |   1228 |   2830 |   4 | 1495.0 |
     Snake Pit |   3561 |   3437 |    124 |    202 |   2189 |   4 |  890.2 |
    Slime Pits |   4230 |   4089 |    141 |   2673 |    913 |   5 |  846.0 |
  Orcish Mines |   2367 |   2097 |    270 |    667 |    752 |   2 | 1183.5 |
   Elven Halls |   3905 |   3718 |    187 |    854 |   1817 |   3 | 1301.7 |
        Vaults |  13385 |  12013 |   1372 |   3872 |   5250 |   5 | 2677.0 |
         Crypt |   4444 |   3832 |    612 |    585 |   2105 |   3 | 1481.3 |
          Tomb |   1918 |   1793 |    125 |    766 |    666 |   2 |  959.0 |
        Depths |   8062 |   7624 |    438 |   1848 |   4031 |   5 | 1612.4 |
         Abyss |     88 |     88 |      0 |      0 |      0 |   1 |   88.0 |
       Ossuary |    332 |    332 |      0 |    100 |    130 |   1 |  332.0 |
      Ice Cave |     81 |     81 |      0 |      0 |     32 |   1 |   81.0 |
       Volcano |    147 |    147 |      0 |      0 |      0 |   1 |  147.0 |
               +--------+--------+--------+--------+--------+-----+--------+

Top non-repeatable levels by time:
Vaults:4: 4709 daAuts
Vaults:3: 2806 daAuts
Vaults:2: 2207 daAuts
Vaults:1: 2103 daAuts
 Crypt:3: 2062 daAuts
  Lair:5: 2055 daAuts
Depths:5: 2037 daAuts
  Lair:2: 2025 daAuts
Shoals:1: 2016 daAuts
   Orc:2: 2006 daAuts
Depths:4: 1955 daAuts
  Tomb:1: 1860 daAuts
    D:10: 1855 daAuts
     D:8: 1791 daAuts
Shoals:4: 1678 daAuts
